 Dungeon Crawl Stone Soup version 0.31-a0-232-gb1c03b2570 (webtiles) character file.

Game seed: 2929041509726045718

79 qw the Shooter (level 4, -2/36 HPs)
             Began as a Minotaur Hexslinger on July 7, 2023.
             Was an Initiate of Okawaru.
             Constricted to death by Ijyb (5 damage)
             ... on level 3 of the Dungeon.
             The game lasted 00:00:44 (1658 turns).

qw the Shooter (Minotaur Hexslinger)                Turns: 1658, Time: 00:00:44

Health: -2/36      AC:  6    Str: 13    XL:     4   Next: 17%
Magic:  4/4        EV: 13    Int: 10    God:    Okawaru [......]
Gold:   28         SH:  0    Dex: 14    Spells: 4/5 levels left

rFire   . . .        Y - +1 sling
rCold   + . .        (no shield)
rNeg    . . .        h - +0 ring mail
rPois   .            (helmet restricted)
rElec   .            (no cloak)
rCorr   .            (no gloves)
SInv    .            f - +0 pair of boots
Will    .....        (no amulet)
Stlth   +            j - +5 ring of evasion
HPRegen 0.26/turn    k - ring of protection from cold
MPRegen 0.09/turn

%: no passive effects
@: grasped by roots, constricted
A: horns 2, retaliatory headbutt
a: Renounce Religion


You were on level 3 of the Dungeon.
You worshipped Okawaru.
Okawaru was noncommittal.
You visited 1 branch of the dungeon, and saw 3 of its levels.

You collected 118 gold pieces.
You spent 90 gold pieces at shops.


Innate Abilities, Weirdness & Mutations

You have a pair of horns on your head.
You reflexively headbutt those who attack you in melee.


   Skills:
 - Level 2.0 Fighting
 + Level 4.5 Ranged Weapons
 - Level 1.0 Armour
 - Level 2.1 Dodging
 - Level 1.0 Spellcasting
 - Level 2.0 Hexes


You had 4 spell levels left.
You knew the following spells:

 Your Spells              Type           Power      Damage    Failure   Level
a - Slow                  Hex            16%        N/A       32%         1

Your spell library contained the following spells:

 Spells                   Type           Power      Damage    Failure   Level
 Inner Flame              Hex/Fire       2%         N/A       82%         3
 Portal Projectile        Hex/Tloc       4%         N/A       82%         3
 Cause Fear               Hex            2%         N/A       97%         4

Inventory:

Hand Weapons
 Y - a +1 sling (weapon)
Armour
 f - a +0 pair of boots (worn)
 h - a +0 ring mail (worn)
Jewellery
 j - a +5 ring of evasion (left hand)
 k - a ring of protection from cold (right hand)
Scrolls
 a - a scroll of identify
Potions
 b - a potion of curing
 c - a potion of heal wounds {unknown}
 d - a potion of ambrosia {unknown}
 e - a potion of brilliance {unknown}
 g - a potion of attraction {unknown}

Dungeon Overview and Level Annotations

Branches:
Dungeon (3/15)

Altars:
Dithmenos
Okawaru

Shops:
D:2 *[

Annotations:
D:3 Ijyb


Message History

The sling bullet completely misses Ijyb.
Ijyb hits you but does no damage. The grasping roots constrict you.
You shoot a sling bullet. The sling bullet barely misses Ijyb.
Ijyb hits you but does no damage. The grasping roots constrict you.
You shoot a sling bullet. The sling bullet barely misses Ijyb.
Ijyb barely misses you. You furiously retaliate!
You headbutt Ijyb, but do no damage. The grasping roots constrict you.
Ijyb completely misses you. The grasping roots constrict you.
The grasping roots release their grip on you.
You shoot a sling bullet. The sling bullet barely misses Ijyb.
Ijyb hits you with a +0 dagger.
You shoot a sling bullet. The sling bullet closely misses Ijyb.
Ijyb barely misses you.
You shoot a sling bullet.
The sling bullet completely misses Ijyb.
Ijyb zaps a wand.
The roots erupt in riotous growth!
The grasping roots grab you!
Ijyb is unaffected.
The grasping roots constrict you.
You shoot a sling bullet. The sling bullet barely misses Ijyb.
Ijyb hits you with a +0 dagger. The grasping roots constrict you.
Ijyb hits you but does no damage. The grasping roots constrict you.
The grasping roots release their grip on you.
You shoot a sling bullet. The sling bullet barely misses Ijyb.
Ijyb misses you. You furiously retaliate!
You headbutt Ijyb. You shoot a sling bullet.
The sling bullet barely misses Ijyb.
Ijyb closely misses you. You furiously retaliate!
You headbutt Ijyb. You shoot a sling bullet. The sling bullet hits Ijyb.
Ijyb is heavily wounded.
Ijyb misses you.
You shoot a sling bullet.
The sling bullet hits Ijyb but does no damage.
Ijyb is heavily wounded.
Ijyb zaps a wand.
The roots erupt in riotous growth!
The grasping roots grab you!
Ijyb is unaffected.
The now-empty wand crumbles to dust.
The grasping roots constrict you. Ijyb hits you with a +0 dagger.
The grasping roots constrict you.
You shoot a sling bullet. The sling bullet closely misses Ijyb.
Ijyb hits you but does no damage. The grasping roots constrict you.
You die...

####...#.......#.#####...#
##...####.####.#...#...#
#.........)....'...'....
#...........####...#%...
#..........## #...#....
#..........# #...#....
##..........# #...#....
#.......g.### #...#....
#.......@.# #...#....
#.........# #...#....
#.........# #####...#
#.........# #...#
#.........# #####
#../......# #.........#
#.........###############
#.........'..............


You could see Ijyb.

Vanquished Creatures
  3 adders
  A dart slug (D:1)
  5 ball pythons
  5 endoplasms
  3 goblins
  8 hobgoblins
  4 quokkas
  6 bats
  4 frilled lizards
  4 kobolds
  5 rats
48 creatures vanquished.

Notes
Turn   | Place    | Note
-------+----------+-------------------------------------------
     0 | D:1      | qw the Minotaur Hexslinger began the quest for the Orb.
     0 | D:1      | Reached XP level 1. HP: 16/16 MP: 1/1
     0 | D:1      | 0 ||| qw: Version: 0.3-a-46-gb1f654a
     0 | D:1      | 0 ||| qw: Game counter: 2683
     0 | D:1      | 0 ||| qw: Melee chars always use a shield: true
     0 | D:1      | 0 ||| qw: God list: Okawaru
     0 | D:1      | 0 ||| qw: Allow faded altars: false
     0 | D:1      | 0 ||| qw: Do Orc after clearing Dungeon:15 true
     0 | D:1      | 0 ||| qw: Do second Lair branch before Depths: true
     0 | D:1      | 0 ||| qw: Lair rune preference: random
     0 | D:1      | 0 ||| qw: Goals: Normal
     0 | D:1      | 0 ||| PLANNING D:1-11
    21 | D:1      | 21 ||| Stepping ~*~*~tactically~*~*~ (outnumbered).
    72 | D:1      | Reached skill level 3 in Ranged Weapons
    76 | D:1      | Reached XP level 2. HP: 23/23 MP: 2/2
   137 | D:1      | Found a faded altar of an unknown god.
   395 | D:1      | 395 ||| UPGRADING to +0 leather armour.
   405 | D:1      | 405 ||| DROPPING +0 robe.
   406 | D:1      | 406 ||| UPGRADING to +0 ring mail.
   416 | D:1      | 416 ||| DROPPING +0 leather armour.
   417 | D:1      | 417 ||| UPGRADING to +5 ring of evasion.
   418 | D:1      | 418 ||| UPGRADING to ring of protection from cold.
   419 | D:1      | 419 ||| READING scroll labelled TOAFOSCHEXEI.
   420 | D:1      | 420 ||| READING scroll labelled FABEJE WAVVU.
   421 | D:1      | 421 ||| DROPPING scroll of poison.
   437 | D:2      | Found a shadowy altar of Dithmenos.
   582 | D:2      | Reached XP level 3. HP: 27/29 MP: 3/3
   634 | D:2      | Found Benoesch's Antique Armour Boutique.
   642 | D:2      | 642 ||| SHOPLISTING bloodstained leather armour (140 gold,
                  | have 107).
   642 | D:2      | 642 ||| BUYING pair of boots (90 gold).
   642 | D:2      | Bought a pair of boots for 90 gold pieces
   642 | D:2      | 642 ||| SHOPLISTING pair of gloves (90 gold, have 17).
   642 | D:2      | 642 ||| SHOPLISTING smoking ring mail (180 gold, have 17).
   674 | D:2      | Reached skill level 4 in Ranged Weapons
   806 | D:2      | Reached skill level 1 in Armour
   810 | D:2      | Found Ujeok's Assorted Antiques.
   820 | D:2      | 820 ||| SHOPLISTING scroll labelled CICASCH LAALI (19 gold,
                  | have 17).
   820 | D:2      | 820 ||| SHOPLISTING scroll labelled MUUNIE VUTITUMN (19
                  | gold, have 17).
   820 | D:2      | 820 ||| SHOPLISTING scroll labelled RETWOME ZEGUT (19 gold,
                  | have 17).
   820 | D:2      | 820 ||| SHOPLISTING tapered bronze wand (76 gold, have 17).
   886 | D:2      | 886 ||| UPGRADING to +0 pair of boots.
   891 | D:2      | 891 ||| READING scroll labelled RUUNUI HITUNGI.
  1195 | D:3      | Reached XP level 4. HP: 36/36 MP: 4/4
  1314 | D:3      | Found an iron altar of Okawaru.
  1315 | D:3      | 1315 ||| PLANNING OKAWARU WORSHIP
  1315 | D:3      | 1315 ||| DRINKING 2 sapphire potions.
  1354 | D:3      | 1354 ||| READING 2 scrolls of identify.
  1354 | D:3      | 1354 ||| IDENTIFYING emerald potion
  1355 | D:3      | 1355 ||| DROPPING potion of lignification.
  1373 | D:3      | Became a worshipper of Warmaster Okawaru
  1374 | D:3      | 1374 ||| PLANNING D:1-11
  1641 | D:3      | Noticed Ijyb
  1657 | D:3      | HP: 8/36 [constriction (4)]
  1657 | D:3      | HP: 2/36 [constriction (3)]
  1658 | D:3      | Constricted to death by Ijyb

Levels and vault maps discovered:
D:1:      scummos_arrival_star, layout_basic, hellmonk_ecumenical_altar_blasted,
          minmay_octomino_c4
D:2:      layout_rooms, basic_altar, serial_shops, shop, shop,
          hangedman_abyss_or_decor_lesser_grid, kennysheep_generic_room_15
D:3:      layout_basic, lemuel_tele_altar, uniq_ijyb

Skill      XL: |  1  2  3 |
---------------+----------+-----
Ranged Weapons | 3 4 |  4.5
Fighting       | 2 |  2.0
Armour         | 1 |  1.0
Dodging        | |  2.1
Spellcasting   | |  1.0
Hexes          | |  2.0

Action                     |  1- 3 |  4- 6 || total
---------------------------+-------+-------++-------
   Fire: Sling             |   128 |    28 ||   156
    Use: Scroll            |     3 |     1 ||     4
         Potion            |       |     1 ||     1
 Armour: Robe              |     8 |       ||     8
         Ring mail         |     8 |     5 ||    13
  Dodge: Dodged            |    34 |    12 ||    46

Table legend:
 A = Non-vault XP
 B = Vault XP
 C = Vault XP percentage of total XP
 D = Non-vault monster count
 E = Vault monster count
 F = Vault count percentage of total count
                 A         B        C        D         E       F
            +---------+---------+-------+---------+---------+-------
      Total |     101 |      13 |  11.4 |      40 |       8 |  16.7
            +---------+---------+-------+---------+---------+-------
        D:1 |      17 |      12 |  41.4 |      11 |       7 |  38.9
        D:2 |      57 |       1 |   1.7 |      19 |       1 |   5.0
        D:3 |      27 |       0 |   0.0 |      10 |       0 |   0.0
            +---------+---------+-------+---------+---------+-------
